 Dungeon Crawl Stone Soup version 0.19.1-1-g22dce08 (webtiles) character file.

46 esteth the Skirmisher (level 3, -5/29 HPs)
             Began as a Demonspawn Chaos Knight on Jan 3, 2017.
             Killed by nerve-wracking pain
             ... invoked by a shadow imp
             ... summoned by Natasha
              (14 damage)
             ... on level 2 of the Dungeon.
             The game lasted 00:02:54 (1213 turns).

esteth the Skirmisher (Demonspawn Chaos Knight)     Turns: 1213, Time: 00:02:54

Health: -5/29      AC:  5    Str: 13    XL:     3   Next: 44%
Magic:  3/3        EV: 11    Int: 13    God:    Xom [..*...]
Gold:   54         SH:  8    Dex: 12    Spells: 0 memorised, 2 levels left

rFire  . . .     SeeInvis .     a - +0 hand axe (chaos)
rCold  . . .     Gourm    .     b - +2 leather armour
rNeg   . . .     Faith    .     (no shield)
rPois  .         Spirit   .     (no helmet)
rElec  .         Reflect  +     (no cloak)
rCorr  .         Harm     .     (no gloves)
MR     .....                    (no boots)
Stlth  +.........               d - +4 amulet of reflection
                                (no ring)
                                (no ring)

@: no status effects
A: hooves 1, large bone plates 1
a: Renounce Religion


You were on level 2 of the Dungeon.
You worshipped Xom.
You were a toy of Xom.
You were not hungry.

You visited 1 branch of the dungeon, and saw 2 of its levels.

You collected 54 gold pieces.

Inventory:

Hand Weapons
 a - a +0 hand axe of chaos (weapon)
Armour
 b - a +2 leather armour (worn)
 l - a +0 chain mail
Jewellery
 d - a +4 amulet of reflection (around neck)
Wands
 h - a wand of random effects (27/48)
Scrolls
 g - 3 scrolls of identify {unknown}
 i - a scroll of amnesia {unknown}
 j - a scroll of fog {unknown}
 n - a scroll of enchant armour {unknown}
 q - a scroll of remove curse {unknown}
Potions
 e - a potion of degeneration {unknown}
 k - a potion of cancellation {unknown}
 m - a potion of berserk rage {unknown}
 p - a potion of heal wounds {unknown}
Comestibles
 c - a bread ration
 f - a meat ration
 o - 4 chunks of flesh


   Skills:
 - Level 3.3 Fighting
 + Level 3.2 Axes
 - Level 2.2 Armour
 - Level 1.6 Dodging


You had 2 spell levels left.
You didn't know any spells.

Dungeon Overview and Level Annotations

Branches:
Dungeon (2/15)

Altars:
Xom

Annotations:
D:2 Natasha


Innate Abilities, Weirdness & Mutations

You have large cloven feet.
You are partially covered in large bone plates. (SH +4)


Message History

Natasha is heavily wounded.
You hit the shadow imp but do no damage.
You block the shadow imp's attack. Natasha claws you but does no damage.
You hit Natasha.
Natasha is briefly tinged with black.
Natasha is heavily wounded.
You barely miss the shadow imp. The shadow imp completely misses you.
Natasha zaps a wand.
Natasha looks slightly unstable.
It is a wand of teleportation.
You strike the helpless Natasha from behind!
You hit Natasha but do no damage.
Natasha seems more stable.
Natasha is heavily wounded.
You hit the shadow imp. You burn the shadow imp.
You block the shadow imp's attack.
Natasha zaps a wand.
Natasha looks slightly unstable.
You block the shadow imp's attack.
You hit Natasha but do no damage.
Natasha is heavily wounded.
You hit the shadow imp.
Natasha stops moving altogether!
The shadow imp gestures at you. Pain shoots through your body!
You die...

#.# #.# #.#
#.#
###########.#
#...........#
#.###########
#.# #####.#
#.# #5@h..#
#.# #.#####
#.# #.# #.#
#.# #.# #.#
#.# #.# #.#
#.# #.# #.#
#.# #.#


You could see Natasha (petrified) and a shadow imp.

Vanquished Creatures
  An adder (D:2)
  A dart slug (D:1)
  2 giant cockroaches (D:1)
  8 hobgoblins
  6 bats
  A frilled lizard (D:1)
  3 goblins
  4 kobolds
  7 rats
33 creatures vanquished.

Notes
Turn   | Place    | Note
-------+----------+-------------------------------------------
     0 | D:1      | esteth the Demonspawn Chaos Knight began the quest for the Orb.
     0 | D:1      | Reached XP level 1. HP: 18/18 MP: 1/1
    34 | D:1      | Reached skill level 1 in Dodging
   260 | D:1      | Gained mutation: You have large cloven feet. [demonic ancestry]
   260 | D:1      | Reached XP level 2. HP: 24/24 MP: 2/2
   360 | D:1      | XOM: divination: detect items
   527 | D:1      | XOM: smoke on damage
   754 | D:1      | XOM: divination: detect items
   792 | D:1      | Gained mutation: You are partially covered in large bone plates. (SH +4) [demonic ancestry]
   792 | D:1      | Reached XP level 3. HP: 29/29 MP: 3/3
   963 | D:2      | Found a shimmering altar of Xom.
  1202 | D:2      | Noticed Natasha
  1209 | D:2      | XOM: harmless Chrm miscast
  1213 | D:2      | Killed from afar by a shadow imp

Skill      XL: |  1  2 |
---------------+-------+-----
Dodging        | 1 |  1.6
Armour         | 2 |  2.2
Axes           | 3 |  3.2
Fighting       | |  3.3

Action                   || total
-------------------------++-------
Melee: Hand axe          ||   132
       Kick              ||    15
 Stab: Sleeping          ||     1
       Petrifying        ||     1
  Eat: Chunk             ||     1
Armor: Leather armour    ||    43
Dodge: Dodged            ||    61
Block: Other             ||    23
       Reflection        ||     2
